WCHLSIM.com - West Coast Hockey League
html PUBLIC "-//W3C//DTD XHTML 1.0 Transitional//EN" "http://www.w3.org/TR/xhtml1/DTD/xhtml1-transitional.dtd"> WCHL - Game 726 - VICTORIA GLADIATORS vs LOS ANGELES SEALS

VICTORIA GLADIATORS vs LOS ANGELES SEALS

Created - 27 janvier 2020 at 17:04

Goals
1 2 3 T
VICTORIA GLADIATORS 0 0 0 0
LOS ANGELES SEALS 0 3 0 3
Shots
1 2 3 T
VICTORIA GLADIATORS 3 3 13 19
LOS ANGELES SEALS 10 22 7 39

1st period

No Goal

Penalties :
Colin White (LOS) for Roughing (Minor) at 6:05, Dion Phaneuf (VIC) for Holding (Minor) at 15:01

2nd period

1. LOS ANGELES SEALS , Jake DeBrusk 10 (Mark Scheifele 34, Brock Boeser 33) at 0:45
2. LOS ANGELES SEALS , Brock Boeser 14 (Mark Scheifele 35, Jake DeBrusk 11) at 9:38 (PP)
3. LOS ANGELES SEALS , Adam Lowry 5 (Mathieu Perreault 6, Erik Haula 4) at 17:29

Penalties :
Jonathan Ericsson (VIC) for Hooking (Minor) at 4:27, Zack Smith (VIC) for Tripping (Minor) at 8:11

3rd period

No Goal

Penalties :
Mathieu Perreault (LOS) for High sticking (Minor) at 18:02, Ryan Stanton (VIC) for Hooking (Minor) at 18:02

Goalie Stats

Ukko-Pekka Luukkonen (VIC), 36 saves from 39 shots - (0,923), L, 2-12-0, 60:00 minutes
Robin Lehner (LOS), 19 saves from 19 shots - (1,000), W, 13-21-3, 60:00 minutes

Players Stats for VICTORIA GLADIATORS

Player Name              G  A  P  +/- PIM S  H  SB GA TA FO     MP     PP MP  PK MP  
------------------------------------------------------------------------------------
Alex Iafallo             0  0  0   0  0   1  0  0  0  0  0/4    20:57   0:54   3:10 
Carl Soderberg           0  0  0   0  0   0  0  0  0  0  1/2     4:17   0:00   0:00 
Colin Wilson             0  0  0  -1  0   1  0  0  0  0  0/0     7:37   0:00   0:00 
Dion Phaneuf             0  0  0  -1  2   0  1  1  0  0  0/0    21:14   0:43   2:08 
Frans Nielsen            0  0  0   0  0   0  0  0  0  0  0/0     0:08   0:08   0:00 
Jason Spezza             0  0  0  -1  0   1  0  1  0  0  13/22  14:44   0:00   2:15 
Jonathan Ericsson        0  0  0  -1  2   1  1  0  0  0  0/0    19:34   0:08   0:41 
Lars Eller               0  0  0   0  0   3  0  0  0  0  18/29  21:31   0:54   3:10 
Matt Bartkowski          0  0  0   0  0   0  0  1  0  0  0/0    19:42   0:08   2:29 
Matt Moulson             0  0  0  -1  0   1  1  0  0  0  0/0    11:49   0:08   0:00 
Mikkel Boedker           0  0  0   0  0   1  0  0  0  0  1/1    18:43   0:43   0:00 
Nick Foligno             0  0  0   0  0   3  3  2  0  0  0/1    20:24   0:57   2:15 
Patrick Maroon           0  0  0  -1  0   2  3  0  0  0  2/9    18:38   0:57   0:00 
Riley Sheahan            0  0  0  -2  0   2  1  2  0  0  5/8    18:47   0:22   0:00 
Ryan Stanton             0  0  0   0  2   0  1  0  0  0  0/0    19:11   1:08   2:38 
Torey Krug               0  0  0  -1  0   2  1  1  0  0  0/0    22:02   1:08   2:54 
Zach Trotman             0  0  0  -1  0   0  1  0  0  0  0/0    18:14   0:43   0:00 
Zack Smith               0  0  0   0  2   1  0  0  0  0  0/1    15:02   0:54   0:00 

Players Stats for LOS ANGELES SEALS

Player Name              G  A  P  +/- PIM S  H  SB GA TA FO     MP     PP MP  PK MP  
------------------------------------------------------------------------------------
Adam Lowry               1  0  1   1  0   3  0  0  0  0  4/7     8:59   0:00   1:11 
Alex Goligoski           0  0  0   2  0   1  1  1  0  0  0/0    24:10   3:12   0:47 
Andreas Johnsson         0  0  0   0  0   1  2  0  0  0  0/0    17:34   3:05   0:16 
Brandon Carlo            0  0  0   0  0   0  0  1  0  0  0/0    21:57   3:44   0:44 
Brock Boeser             1  1  2   1  0   6  0  0  0  0  0/0    21:36   2:20   0:00 
Colin White              0  0  0   0  2   1  1  0  0  0  6/18   11:18   0:00   0:00 
Craig Smith              0  0  0   0  0   0  0  0  0  0  0/0    11:19   0:00   0:00 
Dan Hamhuis              0  0  0   0  0   0  0  0  0  0  0/0    15:48   0:24   0:28 
Erik Haula               0  1  1   1  0   1  0  0  0  0  0/0     8:36   0:00   0:48 
Esa Lindell              0  0  0   2  0   0  2  2  0  0  0/0    21:12   0:00   1:13 
Jake DeBrusk             1  1  2   1  0   4  0  0  0  0  0/2    19:39   2:20   0:00 
Joe Thornton             0  0  0   0  0   0  0  0  0  0  9/20   17:18   3:05   0:00 
Justin Williams          0  0  0   0  0   4  1  0  0  0  1/1    17:18   3:05   0:00 
Mark Scheifele           0  2  2   1  0   13 1  0  0  0  17/29  21:36   2:20   0:00 
Mathieu Perreault        0  1  1   1  2   1  0  0  0  0  0/0     8:58   0:00   1:11 
Patrick Marleau          0  0  0   0  0   3  2  0  0  0  0/0    11:51   0:00   0:32 
Roman Polak              0  0  0   0  0   1  1  1  0  0  0/0    18:15   0:00   0:46 
Shayne Gostisbehere      0  0  0   0  0   0  0  0  0  0  0/0    18:38   3:30   0:00 

3 Stars

1 - Robin Lehner (LOS)
2 - Jake DeBrusk (LOS)
3 - Brock Boeser (LOS)

Power Play

VICTORIA GLADIATORS - 0 on 1 Attempt(s) - 0,00%
LOS ANGELES SEALS - 1 on 3 Attempt(s) - 33,33%

Penalty Kill

VICTORIA GLADIATORS - 2 on 3 Attempt(s) - 66,67% - Score 0 goal in Penalty Kill
LOS ANGELES SEALS - 1 on 1 Attempt(s) - 100,00% - Score 0 goal in Penalty Kill

Team Stat

VICTORIA GLADIATORS - Hits : 13 - Faceoff Wins : 40 - Blocked Shots : 8 - Penalty Minutes : 8
LOS ANGELES SEALS - Hits : 11 - Faceoff Wins : 37 - Blocked Shots : 5 - Penalty Minutes : 4

Official

Referees : Brian Pochmara and Dean Morton
Linesman : Kevin Ferguson and Chris Low

Game Notes

Carl Soderberg is injured at 18:15 of 1st period (Right Leg)

Finance

Level 1 -- Attendance: 5215 (86,92%) -- Ticket Income 782 250 $
Level 2 -- Attendance: 4140 (82,80%) -- Ticket Income 409 860 $
Level 3 -- Attendance: 1391 (69,55%) -- Ticket Income 116 844 $
Level 4 -- Attendance: 2288 (57,20%) -- Ticket Income 183 040 $
Luxury Box -- Attendance: 818 (81,80%) -- Ticket Income 245 400 $
Total Attendance: 13852 (76,96%)
Total Ticket Income: 1 737 394 $
Other Income: 521 218 $
Total Income: 2 258 612 $

VICTORIA GLADIATORS

5 vs 5 Forward 
   Center                   Left Wing                Right Wing               Time % Phy DF OF 
 1 Carl Soderberg           Nick Foligno             Mikkel Boedker           36     1   2  2  
 2 Lars Eller               Zack Smith               Alex Iafallo             31     1   2  2  
 3 Riley Sheahan            Colin Wilson             Patrick Maroon           25     1   2  2  
 4 Jason Spezza             Riley Sheahan            Matt Moulson             8      1   2  2  

5 vs 5 Defense 
   Defense                  Defense                                           Time % Phy DF OF 
 1 Torey Krug               Jonathan Ericsson                                 36     1   2  2  
 2 Dion Phaneuf             Zach Trotman                                      31     1   2  2  
 3 Matt Bartkowski          Ryan Stanton                                      24     1   2  2  
 4 Dion Phaneuf             Zach Trotman                                      9      1   2  2  

PowerPlay Forward 
   Center                   Left Wing                Right Wing               Time % Phy DF OF 
 1 Patrick Maroon           Nick Foligno             Mikkel Boedker           52     1   2  2  
 2 Lars Eller               Zack Smith               Alex Iafallo             48     1   2  2  

PowerPlay Defense
   Defense                  Defense                                           Time % Phy DF OF 
 1 Torey Krug               Ryan Stanton                                      52     1   2  2  
 2 Dion Phaneuf             Zach Trotman                                      48     1   2  2  

Penalty Kill 4 Players Forward 
   Center                   Wing                     Time % Phy DF OF 
 1 Lars Eller               Alex Iafallo             52     1   2  2  
 2 Jason Spezza             Nick Foligno             48     1   2  2  

Penalty Kill 4 Players Defense
   Defense                  Defense                  Time % Phy DF OF 
 1 Matt Bartkowski          Ryan Stanton             52     1   2  2  
 2 Torey Krug               Dion Phaneuf             48     1   2  2  

Penalty Kill - 3 Players Forward 
   Forward                                           Time % Phy DF OF 
 1 Nick Foligno                                      52     1   2  2  
 2 Zack Smith                                        48     1   2  2  

Penalty Kill - 3 Players Defense
   Defense                  Defense                  Time % Phy DF OF 
 1 Matt Bartkowski          Ryan Stanton             52     1   2  2  
 2 Dion Phaneuf             Zach Trotman             48     1   2  2  

4 vs 4 Forward 
   Center                   Wing                     Time % Phy DF OF 
 1 Lars Eller               Patrick Maroon           52     1   2  2  
 2 Jason Spezza             Mikkel Boedker           48     1   2  2  

4 vs 4 Defense
   Defense                  Defense                  Time % Phy DF OF 
 1 Dion Phaneuf             Zach Trotman             52     1   2  2  
 2 Matt Bartkowski          Ryan Stanton             48     1   2  2  

Last Minutes Offensive
   Center                   Left Wing                Right Wing               Defense                  Defense                  
   Carl Soderberg           Nick Foligno             Mikkel Boedker           Torey Krug               Jonathan Ericsson        

Last Minutes Defensive
   Center                   Left Wing                Right Wing               Defense                  Defense                  
   Lars Eller               Alex Iafallo             Mikkel Boedker           Matt Bartkowski          Ryan Stanton             

Goaltenders
Starting : Ukko-Pekka Luukkonen     
Backup : Jack Campbell            

Extra Forwards
Normal : Patrick Maroon, Riley Sheahan, Lars Eller - PP : Patrick Maroon, Riley Sheahan - PK : Nick Foligno
Extra Defensemen
Normal : Matt Bartkowski, Ryan Stanton, Dion Phaneuf - PP : Matt Bartkowski - PK : Ryan Stanton, Dion Phaneuf
Penalty Shots
Mikkel Boedker, Lars Eller, Nick Foligno, Frans Nielsen, Zack Smith
Custom OT Lines Forwards
Riley Sheahan, Lars Eller, Nick Foligno, Frans Nielsen, Zack Smith, Jason Spezza, Mikkel Boedker, Colin Wilson, Alex Iafallo, Patrick Maroon
Custom OT Lines Defensemen
Torey Krug, Ryan Stanton, Dion Phaneuf, Zach Trotman, Matt Bartkowski

Scratches
Aaron Dell (Sore Right Knee Injury)

LOS ANGELES SEALS

5 vs 5 Forward 
   Center                   Left Wing                Right Wing               Time % Phy DF OF 
 1 Mark Scheifele           Jake DeBrusk             Brock Boeser             36     1   2  2  
 2 Joe Thornton             Andreas Johnsson         Justin Williams          29     1   2  2  
 3 Colin White              Patrick Marleau          Craig Smith              21     2   2  1  
 4 Adam Lowry               Mathieu Perreault        Erik Haula               14     1   2  2  

5 vs 5 Defense 
   Defense                  Defense                                           Time % Phy DF OF 
 1 Esa Lindell              Alex Goligoski                                    36     1   3  1  
 2 Roman Polak              Brandon Carlo                                     31     1   3  1  
 3 Shayne Gostisbehere      Dan Hamhuis                                       23     1   2  2  
 4 Alex Goligoski           Esa Lindell                                       10     1   3  1  

PowerPlay Forward 
   Center                   Left Wing                Right Wing               Time % Phy DF OF 
 1 Mark Scheifele           Jake DeBrusk             Brock Boeser             55     1   2  2  
 2 Joe Thornton             Andreas Johnsson         Justin Williams          45     1   2  2  

PowerPlay Defense
   Defense                  Defense                                           Time % Phy DF OF 
 1 Shayne Gostisbehere      Alex Goligoski                                    55     1   2  2  
 2 Shayne Gostisbehere      Brandon Carlo                                     45     1   2  2  

Penalty Kill 4 Players Forward 
   Center                   Wing                     Time % Phy DF OF 
 1 Adam Lowry               Mathieu Perreault        55     1   2  2  
 2 Erik Haula               Colin White              45     1   2  2  

Penalty Kill 4 Players Defense
   Defense                  Defense                  Time % Phy DF OF 
 1 Esa Lindell              Brandon Carlo            55     1   2  2  
 2 Roman Polak              Dan Hamhuis              45     1   2  2  

Penalty Kill - 3 Players Forward 
   Forward                                           Time % Phy DF OF 
 1 Adam Lowry                                        55     1   2  2  
 2 Erik Haula                                        45     1   2  2  

Penalty Kill - 3 Players Defense
   Defense                  Defense                  Time % Phy DF OF 
 1 Esa Lindell              Alex Goligoski           55     1   2  2  
 2 Roman Polak              Brandon Carlo            45     1   2  2  

4 vs 4 Forward 
   Center                   Wing                     Time % Phy DF OF 
 1 Mark Scheifele           Brock Boeser             55     1   2  2  
 2 Joe Thornton             Brock Boeser             45     1   2  2  

4 vs 4 Defense
   Defense                  Defense                  Time % Phy DF OF 
 1 Alex Goligoski           Esa Lindell              55     1   2  2  
 2 Roman Polak              Brandon Carlo            45     1   2  2  

Last Minutes Offensive
   Center                   Left Wing                Right Wing               Defense                  Defense                  
   Mark Scheifele           Patrick Marleau          Justin Williams          Esa Lindell              Alex Goligoski           

Last Minutes Defensive
   Center                   Left Wing                Right Wing               Defense                  Defense                  
   Joe Thornton             Patrick Marleau          Justin Williams          Esa Lindell              Alex Goligoski           

Goaltenders
Starting : Robin Lehner             
Backup : Roberto Luongo           

Extra Forwards
Normal : Erik Haula, Justin Williams, Andreas Johnsson - PP : Erik Haula, Mark Scheifele - PK : Andreas Johnsson
Extra Defensemen
Normal : Esa Lindell, Alex Goligoski, Brandon Carlo - PP : Shayne Gostisbehere - PK : Dan Hamhuis, Roman Polak
Penalty Shots
Erik Haula, Mark Scheifele, Justin Williams, Brock Boeser, Patrick Marleau
Custom OT Lines Forwards
Joe Thornton, Mark Scheifele, Justin Williams, Brock Boeser, Patrick Marleau, Erik Haula, Andreas Johnsson, Adam Lowry, Colin White, Mathieu Perreault
Custom OT Lines Defensemen
Esa Lindell, Alex Goligoski, Roman Polak, Brandon Carlo, Shayne Gostisbehere

Scratches
Ben Thomson (Healthy), John Stevens (Healthy), Juho Lammikko (Healthy), Kevin Rooney (Healthy), Nate Prosser (Healthy)
Jonathan Quick (Healthy)

% Time on Ice - VICTORIA GLADIATORS

Lines # - Real PCT - Wanted PCT - Time Play
Normal Forward
1 - 34% - 36% - 17:12
2 - 28% - 31% - 14:09
3 - 15% - 25% - 7:37
4 - 23% - 8% - 11:41
Normal Defense
1 - 36% - 36% - 18:00
2 - 28% - 31% - 14:24
3 - 31% - 24% - 15:38
4 - 5% - 9% - 2:37
PP Forward
1 - 48% - 52% - 0:57
2 - 52% - 48% - 1:02
PP Defense
1 - 57% - 52% - 1:08
2 - 43% - 48% - 0:51
PK Forward
1 - 58% - 52% - 3:10
2 - 42% - 48% - 2:15
PK Defense
1 - 43% - 52% - 2:19
2 - 57% - 48% - 3:06
PK3 Forward
1 - 0% - 52%
2 - 0% - 48%
PK3 Defense
1 - 0% - 52%
2 - 0% - 48%
44 Forward
1 - 59% - 52% - 1:09
2 - 41% - 48% - 0:48
44 Defense
1 - 26% - 52% - 0:30
2 - 74% - 48% - 1:27
Last Minute Offensive  - 0:00
Last Minute Defensive  - 0:00
Total
Forward - 60:00
Defense - 60:00

% Time on Ice - LOS ANGELES SEALS

Lines # - Real PCT - Wanted PCT - Time Play
Normal Forward
1 - 34% - 36% - 17:19
2 - 28% - 29% - 14:13
3 - 22% - 21% - 11:19
4 - 15% - 14% - 7:48
Normal Defense
1 - 33% - 36% - 16:57
2 - 33% - 31% - 16:35
3 - 30% - 23% - 15:08
4 - 4% - 10% - 1:59
PP Forward
1 - 43% - 55% - 2:20
2 - 57% - 45% - 3:05
PP Defense
1 - 40% - 55% - 2:09
2 - 60% - 45% - 3:16
PK Forward
1 - 60% - 55% - 1:11
2 - 40% - 45% - 0:48
PK Defense
1 - 61% - 55% - 1:13
2 - 39% - 45% - 0:46
PK3 Forward
1 - 0% - 55%
2 - 0% - 45%
PK3 Defense
1 - 0% - 55%
2 - 0% - 45%
44 Forward
1 - 100% - 55% - 1:57
2 - 0% - 45% - 0:00
44 Defense
1 - 54% - 55% - 1:03
2 - 46% - 45% - 0:54
Last Minute Offensive  - 0:00
Last Minute Defensive  - 0:00
Total
Forward - 60:00
Defense - 60:00

Play-by-Play

1st period


0:01 of 1st period - Carl Soderberg wins face-off versus Jake DeBrusk in neutral zone.
0:10 of 1st period - Off-side.
0:11 of 1st period - Lars Eller wins face-off versus Joe Thornton in neutral zone.
0:38 of 1st period - Shot by Joe Thornton.
0:38 of 1st period - Shot Misses the Net.
0:40 of 1st period - Shot by Roman Polak.
0:40 of 1st period - Stopped by Ukko-Pekka Luukkonen without a rebound.
0:41 of 1st period - Riley Sheahan wins face-off versus Colin White in VICTORIA GLADIATORS zone.
0:41 of 1st period - Riley Sheahan is hit by Colin White.
0:51 of 1st period - Craig Smith is hit by Patrick Maroon and loses puck.
1:10 of 1st period - Shot by Craig Smith.
1:10 of 1st period - Shot Misses the Net.
1:12 of 1st period - Shot by Dan Hamhuis.
1:12 of 1st period - Shot Misses the Net.
1:16 of 1st period - Shot by Patrick Marleau.
1:16 of 1st period - Stopped by Ukko-Pekka Luukkonen without a rebound.
1:17 of 1st period - Mark Scheifele wins face-off versus Carl Soderberg in VICTORIA GLADIATORS zone.
1:49 of 1st period - Carl Soderberg is hit by Esa Lindell and loses puck.
2:53 of 1st period - Icing by Brandon Carlo.
2:54 of 1st period - Adam Lowry wins face-off versus Jason Spezza in LOS ANGELES SEALS zone.
3:02 of 1st period - Icing by Riley Sheahan.
3:03 of 1st period - Jason Spezza wins face-off versus Joe Thornton in VICTORIA GLADIATORS zone.
3:03 of 1st period - Jason Spezza is hit by Justin Williams.
3:11 of 1st period - Shot by Matt Moulson.
3:11 of 1st period - Stopped by Robin Lehner with a rebound.
3:39 of 1st period - Shot by Justin Williams.
3:39 of 1st period - Stopped by Ukko-Pekka Luukkonen with a rebound.
4:24 of 1st period - Andreas Johnsson is hit by Nick Foligno and loses puck.
5:16 of 1st period - Shot by Brock Boeser.
5:16 of 1st period - Shot Misses the Net.
5:22 of 1st period - Shot by Brock Boeser.
5:22 of 1st period - Stopped by Ukko-Pekka Luukkonen without a rebound.
5:23 of 1st period - Colin White wins face-off versus Lars Eller in VICTORIA GLADIATORS zone.
5:38 of 1st period - Shot by Colin White.
5:38 of 1st period - Shot Blocked by Dion Phaneuf.
6:04 of 1st period - Lars Eller is hit by Patrick Marleau and loses puck.
6:05 of 1st period - Minor Penalty to Colin White for Roughing.
6:06 of 1st period - Adam Lowry wins face-off versus Patrick Maroon in LOS ANGELES SEALS zone.
6:19 of 1st period - Shot by Riley Sheahan.
6:19 of 1st period - Deflect By Nick Foligno.
6:19 of 1st period - Stopped by Robin Lehner without a rebound.
6:20 of 1st period - Adam Lowry wins face-off versus Lars Eller in LOS ANGELES SEALS zone.
7:33 of 1st period - Esa Lindell is hit by Nick Foligno and loses puck.
8:14 of 1st period - Shot by Jason Spezza.
8:14 of 1st period - Shot Misses the Net.
8:16 of 1st period - Shot by Jonathan Ericsson.
8:16 of 1st period - Stopped by Robin Lehner without a rebound.
8:17 of 1st period - Jason Spezza wins face-off versus Colin White in LOS ANGELES SEALS zone.
8:17 of 1st period - Matt Moulson is hit by Roman Polak and loses puck.
9:13 of 1st period - Shot by Jake DeBrusk.
9:13 of 1st period - Shot Blocked by Matt Bartkowski.
9:25 of 1st period - Shot by Jake DeBrusk.
9:25 of 1st period - Shot Misses the Net.
9:27 of 1st period - Shot by Esa Lindell.
9:27 of 1st period - Shot Blocked by Jason Spezza.
10:15 of 1st period - Shot by Nick Foligno.
10:15 of 1st period - Deflect By Carl Soderberg.
10:15 of 1st period - Shot Misses the Net.
10:23 of 1st period - Shot by Carl Soderberg.
10:23 of 1st period - Shot Misses the Net.
11:03 of 1st period - Off-side.
11:04 of 1st period - Lars Eller wins face-off versus Joe Thornton in neutral zone.
11:29 of 1st period - Shot by Alex Iafallo.
11:29 of 1st period - Shot Misses the Net.
12:19 of 1st period - Icing by Jonathan Ericsson.
12:20 of 1st period - Mark Scheifele wins face-off versus Alex Iafallo in VICTORIA GLADIATORS zone.
12:25 of 1st period - Shot by Brock Boeser.
12:25 of 1st period - Shot Misses the Net.
12:35 of 1st period - Shot by Patrick Maroon.
12:35 of 1st period - Deflect By Colin Wilson.
12:35 of 1st period - Shot Misses the Net.
12:37 of 1st period - Shot by Jonathan Ericsson.
12:37 of 1st period - Shot Misses the Net.
13:03 of 1st period - Shot by Mark Scheifele.
13:03 of 1st period - Stopped by Ukko-Pekka Luukkonen without a rebound.
13:04 of 1st period - Jason Spezza wins face-off versus Colin White in VICTORIA GLADIATORS zone.
13:04 of 1st period - Jason Spezza is hit by Patrick Marleau.
13:12 of 1st period - Craig Smith is hit by Matt Moulson and loses puck.
13:27 of 1st period - Shot by Patrick Marleau.
13:27 of 1st period - Stopped by Ukko-Pekka Luukkonen without a rebound.
13:28 of 1st period - Adam Lowry wins face-off versus Lars Eller in VICTORIA GLADIATORS zone.
14:28 of 1st period - Shot by Jake DeBrusk.
14:28 of 1st period - Stopped by Ukko-Pekka Luukkonen without a rebound.
14:29 of 1st period - Joe Thornton wins face-off versus Riley Sheahan in VICTORIA GLADIATORS zone.
14:29 of 1st period - Joe Thornton is hit by Zach Trotman.
15:01 of 1st period - Minor Penalty to Dion Phaneuf for Holding.
15:02 of 1st period - Mark Scheifele wins face-off versus Jason Spezza in VICTORIA GLADIATORS zone.
15:05 of 1st period - Shot by Mark Scheifele.
15:05 of 1st period - Stopped by Ukko-Pekka Luukkonen without a rebound.
15:06 of 1st period - Mark Scheifele wins face-off versus Jason Spezza in VICTORIA GLADIATORS zone.
15:25 of 1st period - Shot by Mark Scheifele.
15:25 of 1st period - Shot Misses the Net.
15:33 of 1st period - Shot by Mark Scheifele.
15:33 of 1st period - Shot Misses the Net.
15:35 of 1st period - Shot by Shayne Gostisbehere.
15:35 of 1st period - Shot Hit the Post.
15:37 of 1st period - Shot by Shayne Gostisbehere.
15:37 of 1st period - Shot Misses the Net.
15:39 of 1st period - Shot by Mark Scheifele.
15:39 of 1st period - Stopped by Ukko-Pekka Luukkonen with a rebound.
15:41 of 1st period - Shot by Jake DeBrusk.
15:41 of 1st period - Stopped by Ukko-Pekka Luukkonen without a rebound.
15:42 of 1st period - Joe Thornton wins face-off versus Lars Eller in VICTORIA GLADIATORS zone.
15:47 of 1st period - Shot by Andreas Johnsson.
15:47 of 1st period - Shot Misses the Net.
16:24 of 1st period - Icing by Shayne Gostisbehere.
16:25 of 1st period - Jason Spezza wins face-off versus Joe Thornton in LOS ANGELES SEALS zone.
16:42 of 1st period - Icing by Mark Scheifele.
16:43 of 1st period - Jason Spezza wins face-off versus Mark Scheifele in LOS ANGELES SEALS zone.
17:20 of 1st period - Icing by Colin Wilson.
17:21 of 1st period - Mark Scheifele wins face-off versus Patrick Maroon in VICTORIA GLADIATORS zone.
18:14 of 1st period - Carl Soderberg is hit by Alex Goligoski and loses puck.
18:15 of 1st period - Carl Soderberg from VICTORIA GLADIATORS is injured at 18:15 of 1st period (Right Leg).
18:16 of 1st period - Lars Eller wins face-off versus Joe Thornton in LOS ANGELES SEALS zone.
18:32 of 1st period - Shot by Andreas Johnsson.
18:32 of 1st period - Shot Misses the Net.
18:56 of 1st period - Icing by Matt Bartkowski.
18:57 of 1st period - Lars Eller wins face-off versus Colin White in VICTORIA GLADIATORS zone.
19:46 of 1st period - Icing by Dion Phaneuf.
19:47 of 1st period - Mark Scheifele wins face-off versus Patrick Maroon in VICTORIA GLADIATORS zone.
Goals for this period are 0 for VICTORIA GLADIATORS vs 0 for LOS ANGELES SEALS.
Shots for this period are 3 for VICTORIA GLADIATORS vs 10 for LOS ANGELES SEALS.

2nd period


0:01 of 2nd period - Riley Sheahan wins face-off versus Mark Scheifele in neutral zone.
0:19 of 2nd period - Shot by Mark Scheifele.
0:19 of 2nd period - Shot Hit the Post.
0:21 of 2nd period - Shot by Esa Lindell.
0:21 of 2nd period - Shot Misses the Net.
0:23 of 2nd period - Shot by Alex Goligoski.
0:23 of 2nd period - Stopped by Ukko-Pekka Luukkonen with a rebound.
0:45 of 2nd period - Shot by Jake DeBrusk.
0:45 of 2nd period - Goal by Jake DeBrusk - VICTORIA GLADIATORS : 0 - LOS ANGELES SEALS : 1.
0:46 of 2nd period - Justin Williams wins face-off versus Nick Foligno in neutral zone.
1:12 of 2nd period - Icing by Nick Foligno.
1:13 of 2nd period - Colin White wins face-off versus Lars Eller in VICTORIA GLADIATORS zone.
1:16 of 2nd period - Shot by Colin White.
1:16 of 2nd period - Shot Misses the Net.
1:32 of 2nd period - Shot by Colin White.
1:32 of 2nd period - Stopped by Ukko-Pekka Luukkonen without a rebound.
1:33 of 2nd period - Mark Scheifele wins face-off versus Riley Sheahan in VICTORIA GLADIATORS zone.
2:01 of 2nd period - Shot by Brock Boeser.
2:01 of 2nd period - Stopped by Ukko-Pekka Luukkonen with a rebound.
2:03 of 2nd period - Shot by Jake DeBrusk.
2:03 of 2nd period - Shot Misses the Net.
2:09 of 2nd period - Shot by Mark Scheifele.
2:09 of 2nd period - Shot Blocked by Riley Sheahan.
2:35 of 2nd period - Shot by Andreas Johnsson.
2:35 of 2nd period - Stopped by Ukko-Pekka Luukkonen without a rebound.
2:36 of 2nd period - Lars Eller wins face-off versus Colin White in VICTORIA GLADIATORS zone.
2:43 of 2nd period - Shot by Lars Eller.
2:43 of 2nd period - Shot Misses the Net.
2:58 of 2nd period - Icing by Brandon Carlo.
2:59 of 2nd period - Lars Eller wins face-off versus Colin White in LOS ANGELES SEALS zone.
4:27 of 2nd period - Minor Penalty to Jonathan Ericsson for Hooking.
4:28 of 2nd period - Lars Eller wins face-off versus Joe Thornton in VICTORIA GLADIATORS zone.
4:53 of 2nd period - Shot by Justin Williams.
4:53 of 2nd period - Stopped by Ukko-Pekka Luukkonen without a rebound.
4:54 of 2nd period - Lars Eller wins face-off versus Mark Scheifele in VICTORIA GLADIATORS zone.
5:20 of 2nd period - Shot by Brock Boeser.
5:20 of 2nd period - Stopped by Ukko-Pekka Luukkonen without a rebound.
5:21 of 2nd period - Jason Spezza wins face-off versus Joe Thornton in VICTORIA GLADIATORS zone.
5:35 of 2nd period - Shot by Justin Williams.
5:35 of 2nd period - Stopped by Ukko-Pekka Luukkonen without a rebound.
5:36 of 2nd period - Lars Eller wins face-off versus Mark Scheifele in VICTORIA GLADIATORS zone.
5:59 of 2nd period - Shot by Mark Scheifele.
5:59 of 2nd period - Stopped by Ukko-Pekka Luukkonen without a rebound.
6:00 of 2nd period - Jason Spezza wins face-off versus Joe Thornton in VICTORIA GLADIATORS zone.
6:33 of 2nd period - Shot by Adam Lowry.
6:33 of 2nd period - Shot Misses the Net.
8:11 of 2nd period - Minor Penalty to Zack Smith for Tripping.
8:12 of 2nd period - Lars Eller wins face-off versus Joe Thornton in VICTORIA GLADIATORS zone.
8:52 of 2nd period - Icing by Brandon Carlo.
8:53 of 2nd period - Jason Spezza wins face-off versus Joe Thornton in LOS ANGELES SEALS zone.
9:38 of 2nd period - Shot by Brock Boeser.
9:38 of 2nd period - Goal by Brock Boeser - VICTORIA GLADIATORS : 0 - LOS ANGELES SEALS : 2.
9:39 of 2nd period - Riley Sheahan wins face-off versus Colin White in neutral zone.
9:44 of 2nd period - Craig Smith is hit by Patrick Maroon and loses puck.
9:50 of 2nd period - Brandon Carlo is hit by Ryan Stanton and loses puck.
9:55 of 2nd period - Shot by Patrick Marleau.
9:55 of 2nd period - Shot Blocked by Riley Sheahan.
10:55 of 2nd period - Shot by Erik Haula.
10:55 of 2nd period - Deflect By Adam Lowry.
10:55 of 2nd period - Stopped by Ukko-Pekka Luukkonen without a rebound.
10:56 of 2nd period - Joe Thornton wins face-off versus Jason Spezza in VICTORIA GLADIATORS zone.
11:16 of 2nd period - Shot by Justin Williams.
11:16 of 2nd period - Stopped by Ukko-Pekka Luukkonen without a rebound.
11:17 of 2nd period - Patrick Maroon wins face-off versus Mark Scheifele in VICTORIA GLADIATORS zone.
11:17 of 2nd period - Nick Foligno is hit by Mark Scheifele.
12:00 of 2nd period - Shot by Mark Scheifele.
12:00 of 2nd period - Shot Misses the Net.
12:33 of 2nd period - Justin Williams is hit by Jonathan Ericsson and loses puck.
13:23 of 2nd period - Shot by Riley Sheahan.
13:23 of 2nd period - Stopped by Robin Lehner without a rebound.
13:24 of 2nd period - Jason Spezza wins face-off versus Colin White in LOS ANGELES SEALS zone.
13:30 of 2nd period - Off-side.
13:31 of 2nd period - Jason Spezza wins face-off versus Mark Scheifele in neutral zone.
13:46 of 2nd period - Shot by Riley Sheahan.
13:46 of 2nd period - Stopped by Robin Lehner with a rebound.
14:12 of 2nd period - Shot by Mark Scheifele.
14:12 of 2nd period - Stopped by Ukko-Pekka Luukkonen without a rebound.
14:13 of 2nd period - Lars Eller wins face-off versus Colin White in VICTORIA GLADIATORS zone.
14:27 of 2nd period - Shot by Craig Smith.
14:27 of 2nd period - Shot Misses the Net.
15:02 of 2nd period - Icing by Torey Krug.
15:03 of 2nd period - Lars Eller wins face-off versus Jake DeBrusk in VICTORIA GLADIATORS zone.
16:20 of 2nd period - Shot by Joe Thornton.
16:20 of 2nd period - Shot Misses the Net.
17:19 of 2nd period - Shot by Adam Lowry.
17:19 of 2nd period - Stopped by Ukko-Pekka Luukkonen with a rebound.
17:27 of 2nd period - Shot by Mathieu Perreault.
17:27 of 2nd period - Stopped by Ukko-Pekka Luukkonen with a rebound.
17:29 of 2nd period - Shot by Adam Lowry.
17:29 of 2nd period - Goal by Adam Lowry - VICTORIA GLADIATORS : 0 - LOS ANGELES SEALS : 3.
17:30 of 2nd period - Colin White wins face-off versus Alex Iafallo in neutral zone.
17:43 of 2nd period - Shot by Patrick Marleau.
17:43 of 2nd period - Stopped by Ukko-Pekka Luukkonen without a rebound.
17:44 of 2nd period - Mark Scheifele wins face-off versus Patrick Maroon in VICTORIA GLADIATORS zone.
17:59 of 2nd period - Shot by Mark Scheifele.
17:59 of 2nd period - Deflect By Brock Boeser.
17:59 of 2nd period - Stopped by Ukko-Pekka Luukkonen with a rebound.
18:01 of 2nd period - Shot by Jake DeBrusk.
18:01 of 2nd period - Shot Misses the Net.
18:09 of 2nd period - Shot by Brock Boeser.
18:09 of 2nd period - Shot Misses the Net.
18:11 of 2nd period - Shot by Mark Scheifele.
18:11 of 2nd period - Deflect By Brock Boeser.
18:11 of 2nd period - Shot Blocked by Nick Foligno.
18:13 of 2nd period - Shot by Mark Scheifele.
18:13 of 2nd period - Shot Misses the Net.
18:15 of 2nd period - Shot by Mark Scheifele.
18:15 of 2nd period - Stopped by Ukko-Pekka Luukkonen with a rebound.
18:17 of 2nd period - Shot by Brock Boeser.
18:17 of 2nd period - Shot Misses the Net.
18:19 of 2nd period - Shot by Jake DeBrusk.
18:19 of 2nd period - Shot Blocked by Nick Foligno.
18:25 of 2nd period - Shot by Mark Scheifele.
18:25 of 2nd period - Stopped by Ukko-Pekka Luukkonen without a rebound.
18:26 of 2nd period - Joe Thornton wins face-off versus Lars Eller in VICTORIA GLADIATORS zone.
18:31 of 2nd period - Shot by Andreas Johnsson.
18:31 of 2nd period - Shot Misses the Net.
18:58 of 2nd period - Shot by Zack Smith.
18:58 of 2nd period - Shot Blocked by Esa Lindell.
19:00 of 2nd period - Shot by Alex Iafallo.
19:00 of 2nd period - Shot Misses the Net.
19:02 of 2nd period - Shot by Torey Krug.
19:02 of 2nd period - Stopped by Robin Lehner without a rebound.
19:03 of 2nd period - Colin White wins face-off versus Patrick Maroon in LOS ANGELES SEALS zone.
19:03 of 2nd period - Colin White is hit by Patrick Maroon.
19:13 of 2nd period - Off-side.
19:14 of 2nd period - Mark Scheifele wins face-off versus Jason Spezza in neutral zone.
19:25 of 2nd period - Shot by Brock Boeser.
19:25 of 2nd period - Deflect By Mark Scheifele.
19:25 of 2nd period - Stopped by Ukko-Pekka Luukkonen with a rebound.
19:27 of 2nd period - Shot by Jake DeBrusk.
19:27 of 2nd period - Stopped by Ukko-Pekka Luukkonen without a rebound.
19:28 of 2nd period - Joe Thornton wins face-off versus Lars Eller in VICTORIA GLADIATORS zone.
19:28 of 2nd period - Justin Williams is hit by Torey Krug.
19:48 of 2nd period - Shot by Alex Iafallo.
19:48 of 2nd period - Shot Misses the Net.
19:50 of 2nd period - Shot by Alex Iafallo.
19:50 of 2nd period - Shot Blocked by Alex Goligoski.
Goals for this period are 0 for VICTORIA GLADIATORS vs 3 for LOS ANGELES SEALS.
Shots for this period are 3 for VICTORIA GLADIATORS vs 22 for LOS ANGELES SEALS.

3rd period


0:01 of 3rd period - Riley Sheahan wins face-off versus Joe Thornton in neutral zone.
0:33 of 3rd period - Jonathan Ericsson is hit by Andreas Johnsson.
1:09 of 3rd period - Shot by Mark Scheifele.
1:09 of 3rd period - Stopped by Ukko-Pekka Luukkonen with a rebound.
1:12 of 3rd period - Icing by Lars Eller.
1:13 of 3rd period - Lars Eller wins face-off versus Colin White in VICTORIA GLADIATORS zone.
1:42 of 3rd period - Shot by Zack Smith.
1:42 of 3rd period - Stopped by Robin Lehner without a rebound.
1:43 of 3rd period - Mark Scheifele wins face-off versus Alex Iafallo in LOS ANGELES SEALS zone.
1:43 of 3rd period - Mark Scheifele is hit by Nick Foligno.
3:35 of 3rd period - Icing by Roman Polak.
3:36 of 3rd period - Joe Thornton wins face-off versus Jason Spezza in LOS ANGELES SEALS zone.
3:36 of 3rd period - Joe Thornton is hit by Riley Sheahan.
4:21 of 3rd period - Icing by Dan Hamhuis.
4:22 of 3rd period - Lars Eller wins face-off versus Adam Lowry in LOS ANGELES SEALS zone.
5:09 of 3rd period - Shot by Brock Boeser.
5:09 of 3rd period - Shot Misses the Net.
5:17 of 3rd period - Shot by Mark Scheifele.
5:17 of 3rd period - Stopped by Ukko-Pekka Luukkonen without a rebound.
5:18 of 3rd period - Colin White wins face-off versus Riley Sheahan in VICTORIA GLADIATORS zone.
5:31 of 3rd period - Shot by Patrick Marleau.
5:31 of 3rd period - Shot Blocked by Torey Krug.
5:47 of 3rd period - Shot by Nick Foligno.
5:47 of 3rd period - Shot Misses the Net.
5:49 of 3rd period - Shot by Mikkel Boedker.
5:49 of 3rd period - Shot Misses the Net.
5:51 of 3rd period - Shot by Nick Foligno.
5:51 of 3rd period - Shot Misses the Net.
5:53 of 3rd period - Shot by Mikkel Boedker.
5:53 of 3rd period - Shot Blocked by Roman Polak.
6:00 of 3rd period - Icing by Roman Polak.
6:01 of 3rd period - Lars Eller wins face-off versus Colin White in LOS ANGELES SEALS zone.
6:18 of 3rd period - Icing by Roman Polak.
6:19 of 3rd period - Jason Spezza wins face-off versus Colin White in LOS ANGELES SEALS zone.
7:02 of 3rd period - Shot by Alex Iafallo.
7:02 of 3rd period - Shot Blocked by Brandon Carlo.
7:04 of 3rd period - Shot by Lars Eller.
7:04 of 3rd period - Stopped by Robin Lehner without a rebound.
7:05 of 3rd period - Patrick Maroon wins face-off versus Mark Scheifele in LOS ANGELES SEALS zone.
7:06 of 3rd period - Shot by Nick Foligno.
7:06 of 3rd period - Shot Misses the Net.
7:16 of 3rd period - Shot by Nick Foligno.
7:16 of 3rd period - Stopped by Robin Lehner with a rebound.
8:59 of 3rd period - Shot by Jason Spezza.
8:59 of 3rd period - Stopped by Robin Lehner with a rebound.
9:55 of 3rd period - Shot by Torey Krug.
9:55 of 3rd period - Stopped by Robin Lehner without a rebound.
9:56 of 3rd period - Mark Scheifele wins face-off versus Lars Eller in LOS ANGELES SEALS zone.
10:26 of 3rd period - Shot by Lars Eller.
10:26 of 3rd period - Shot Misses the Net.
10:28 of 3rd period - Shot by Zack Smith.
10:28 of 3rd period - Shot Misses the Net.
11:14 of 3rd period - Shot by Mikkel Boedker.
11:14 of 3rd period - Shot Misses the Net.
11:18 of 3rd period - Shot by Mikkel Boedker.
11:18 of 3rd period - Shot Misses the Net.
11:20 of 3rd period - Shot by Patrick Maroon.
11:20 of 3rd period - Stopped by Robin Lehner without a rebound.
11:21 of 3rd period - Joe Thornton wins face-off versus Patrick Maroon in LOS ANGELES SEALS zone.
11:45 of 3rd period - Shot by Nick Foligno.
11:45 of 3rd period - Stopped by Robin Lehner without a rebound.
11:46 of 3rd period - Jason Spezza wins face-off versus Adam Lowry in LOS ANGELES SEALS zone.
12:27 of 3rd period - Shot by Adam Lowry.
12:27 of 3rd period - Deflect By Erik Haula.
12:27 of 3rd period - Stopped by Ukko-Pekka Luukkonen with a rebound.
12:49 of 3rd period - Icing by Dion Phaneuf.
12:50 of 3rd period - Jason Spezza wins face-off versus Mark Scheifele in VICTORIA GLADIATORS zone.
13:06 of 3rd period - Icing by Jake DeBrusk.
13:07 of 3rd period - Lars Eller wins face-off versus Mark Scheifele in LOS ANGELES SEALS zone.
13:22 of 3rd period - Shot by Alex Iafallo.
13:22 of 3rd period - Stopped by Robin Lehner without a rebound.
13:23 of 3rd period - Joe Thornton wins face-off versus Patrick Maroon in LOS ANGELES SEALS zone.
14:02 of 3rd period - Shot by Joe Thornton.
14:02 of 3rd period - Shot Misses the Net.
14:36 of 3rd period - Icing by Alex Goligoski.
14:37 of 3rd period - Mark Scheifele wins face-off versus Zack Smith in LOS ANGELES SEALS zone.
15:35 of 3rd period - Icing by Zach Trotman.
15:36 of 3rd period - Colin White wins face-off versus Jason Spezza in VICTORIA GLADIATORS zone.
16:41 of 3rd period - Shot by Mikkel Boedker.
16:41 of 3rd period - Stopped by Robin Lehner without a rebound.
16:42 of 3rd period - Joe Thornton wins face-off versus Alex Iafallo in LOS ANGELES SEALS zone.
16:56 of 3rd period - Torey Krug is hit by Andreas Johnsson and loses puck.
17:07 of 3rd period - Shot by Joe Thornton.
17:07 of 3rd period - Shot Misses the Net.
17:32 of 3rd period - Off-side.
17:33 of 3rd period - Riley Sheahan wins face-off versus Mark Scheifele in neutral zone.
17:45 of 3rd period - Shot by Riley Sheahan.
17:45 of 3rd period - Shot Blocked by Esa Lindell.
17:47 of 3rd period - Shot by Colin Wilson.
17:47 of 3rd period - Stopped by Robin Lehner without a rebound.
17:48 of 3rd period - Mikkel Boedker wins face-off versus Adam Lowry in LOS ANGELES SEALS zone.
17:52 of 3rd period - Nick Foligno is hit by Esa Lindell and loses puck.
18:02 of 3rd period - Minor Penalty to Mathieu Perreault for High sticking.
18:02 of 3rd period - Minor Penalty to Ryan Stanton for Hooking.
18:03 of 3rd period - Mark Scheifele wins face-off versus Lars Eller in VICTORIA GLADIATORS zone.
18:08 of 3rd period - Shot by Mark Scheifele.
18:08 of 3rd period - Stopped by Ukko-Pekka Luukkonen without a rebound.
18:09 of 3rd period - Lars Eller wins face-off versus Mark Scheifele in VICTORIA GLADIATORS zone.
18:13 of 3rd period - Off-side.
18:14 of 3rd period - Lars Eller wins face-off versus Mark Scheifele in neutral zone.
18:32 of 3rd period - Shot by Patrick Maroon.
18:32 of 3rd period - Stopped by Robin Lehner without a rebound.
18:33 of 3rd period - Mark Scheifele wins face-off versus Jason Spezza in LOS ANGELES SEALS zone.
18:44 of 3rd period - Shot by Mark Scheifele.
18:44 of 3rd period - Shot Misses the Net.
18:46 of 3rd period - Shot by Mark Scheifele.
18:46 of 3rd period - Stopped by Ukko-Pekka Luukkonen without a rebound.
18:47 of 3rd period - Mark Scheifele wins face-off versus Lars Eller in VICTORIA GLADIATORS zone.
18:48 of 3rd period - Shot by Brock Boeser.
18:48 of 3rd period - Stopped by Ukko-Pekka Luukkonen with a rebound.
18:50 of 3rd period - Shot by Mark Scheifele.
18:50 of 3rd period - Stopped by Ukko-Pekka Luukkonen without a rebound.
18:51 of 3rd period - Mark Scheifele wins face-off versus Lars Eller in VICTORIA GLADIATORS zone.
18:51 of 3rd period - Mark Scheifele is hit by Dion Phaneuf.
19:21 of 3rd period - Shot by Lars Eller.
19:21 of 3rd period - Shot Misses the Net.
19:23 of 3rd period - Shot by Lars Eller.
19:23 of 3rd period - Stopped by Robin Lehner with a rebound.
19:25 of 3rd period - Shot by Lars Eller.
19:25 of 3rd period - Stopped by Robin Lehner without a rebound.
19:26 of 3rd period - Mark Scheifele wins face-off versus Jason Spezza in LOS ANGELES SEALS zone.
19:49 of 3rd period - Shot by Jason Spezza.
19:49 of 3rd period - Deflect By Mikkel Boedker.
19:49 of 3rd period - Shot Misses the Net.
Goals for this period are 0 for VICTORIA GLADIATORS vs 0 for LOS ANGELES SEALS.
Shots for this period are 13 for VICTORIA GLADIATORS vs 7 for LOS ANGELES SEALS.


RYAN
NUGENT-HOPKINS
THATCHER
DEMKO
MITCHELL
MARNER

EAST COAST

HOCKEY LEAGUE

  • 13.MAN3PIT5
  • 14.NHW2ATL3
  • 15.PET5WOR4
  • 16.RHI30
  • 17.QUECHI
  • 18.CHALIM
  • 19.TRVLON
  • 20.CHWBAL